 Dungeon Crawl Stone Soup version 0.28-a0-461-g2dc4ca5097 (webtiles) character file.

Game seed: 4187537241310245995

145 lmSkywalker the Chopper (level 5, -1/45 HPs)
             Began as a Minotaur Fighter on Sept 13, 2021.
             Killed by divine providence
             ... invoked by an orc priest
              (13 damage)
             ... on level 4 of the Dungeon.
             The game lasted 00:04:20 (2846 turns).

lmSkywalker the Chopper (Minotaur Fighter)          Turns: 2846, Time: 00:04:21

Health: -1/45      AC:  8    Str: 21    XL:     5   Next: 6%
Magic:  4/4        EV:  9    Int:  5    God:
Gold:   97         SH:  4    Dex: 10    Spells: 4/4 levels left

rFire   . . .      SeeInvis .   a - +0 war axe
rCold   . . .      Faith    .   c - +0 buckler
rNeg    . . .      Spirit   .   b - +0 scale mail
rPois   +          Reflect  .   (helmet restricted)
rElec   .          Harm     .   h - +0 cloak
rCorr   .          Rampage  .   (no gloves)
Will    .....                   (no boots)
Stlth   ..........              (no amulet)
HPRegen 0.15/turn               i - ring of poison resistance
MPRegen 0.09/turn               (no ring)

@: no status effects
A: horns 2, retaliatory headbutt
a: no special abilities


You were on level 4 of the Dungeon.
You visited 1 branch of the dungeon, and saw 4 of its levels.

You collected 97 gold pieces.

Inventory:

Hand Weapons
 a - a +0 war axe (weapon)
Armour
 b - a +0 scale mail (worn)
 c - a +0 buckler (worn)
 h - a +0 cloak (worn)
Jewellery
 i - a ring of poison resistance (left hand)
Scrolls
 e - 4 scrolls of vulnerability {unknown}
 f - 2 scrolls of immolation {unknown}
 j - 2 scrolls of identify {unknown}
 k - a scroll of amnesia {unknown}
 l - 2 scrolls of teleportation {unknown}
 n - a scroll of torment {unknown}
 p - a scroll of noise {unknown}
Potions
 d - 2 potions of might
 m - a potion of flight {unknown}
 o - a potion of heal wounds {unknown}


   Skills:
 - Level 3.6 Fighting
 + Level 6.2 Axes
 - Level 3.6 Armour
 - Level 4.0 Shields


You had 4 spell levels left.
You didn't know any spells.
Your spell library contained the following spells:

 Spells                   Type           Power      Damage    Failure   Level
 Shock                    Conj/Air       0%         1d3       82%         1
 Slow                     Hex            0%         N/A       91%         2
 Static Discharge         Conj/Air       0%         N/A       91%         2
 Confusing Touch          Hex            0%         N/A       99%         3
 Gell's Gravitas          Tloc           0%         N/A       99%         3
 Lesser Beckoning         Tloc           0%         N/A       99%         3
 Mephitic Cloud           Conj/Pois/Air  0%         N/A       99%         3
 Stone Arrow              Conj/Erth      0%         3d7       99%         3
 Swiftness                Air            0%         N/A       99%         3
 Teleport Other           Tloc           0%         N/A       99%         3
 Vampiric Draining        Necr           0%         2d6       99%         3
 Airstrike                Air            0%         N/A       100%        4
 Iskenderun's Mystic Bla  Conj/Tloc      0%         2d3       100%        4


Dungeon Overview and Level Annotations

Branches:
Dungeon (4/15)
 Temple: D:4-7

Altars:
Sif Muna


Innate Abilities, Weirdness & Mutations

You have a pair of horns on your head.
You reflexively headbutt those who attack you in melee.


Message History

The orc wizard shouts!
The orc priest invokes the aid of Beogh against you.
Pain shoots through your body!
The orc priest mumbles some strange prayers to Beogh against you.
Pain shoots through your body!
The orc priest miscasts a cantrip.
You barely miss the orc priest. You headbutt the orc priest.
The orc priest is moderately wounded.
You hit the orc.
The orc priest invokes the aid of Beogh against you.
Beogh smites you!
* * * LOW HITPOINT WARNING * * *
The orc wizard gestures wildly while chanting.
The orc wizard flickers and vanishes!
Deactivating autopickup; reactivate with Ctrl-A.
You block the orc's attack.
It was a potion of curing.
You feel better.
The orc priest invokes the aid of Beogh against you.
Pain shoots through your body!
* * * LOW HITPOINT WARNING * * *
You block the orc's attack.
You feel better.
The orc priest mumbles some strange prayers to Beogh against you.
Beogh smites you!
* * * LOW HITPOINT WARNING * * *
The orc priest barely misses you. The orc hits you but does no damage.
You feel better.
The orc priest hits you but does no damage.
The orc priest casts a cantrip, but nothing happens.
The orc completely misses you. You furiously retaliate!
You headbutt the orc.
You feel better. The orc priest hits you with a +0 mace.
* * * LOW HITPOINT WARNING * * *
The orc priest hits you but does no damage.
The orc hits you with a +0 short sword.
* * * LOW HITPOINT WARNING * * *
The orc barely misses you. You furiously retaliate!
You headbutt the orc!
You kill the orc!
The orc priest calls down the wrath of Beogh upon you.
Beogh smites you!
You die...

#.. #.#
.....#####.#
....#...#.#
###..#...#.###
.....#...#.#.#
###.<....)...#
.[......o..#.#
####.#..o#.# #
#...>.@.##.#
#.###.#.##.#
#..<#.##.#
#.....#.##.#
#####...##.#
....##.#
##.###.# #..
#.# #.


You could see 2 orc priests.

Vanquished Creatures
  A gnoll (D:1)
  7 adders
  2 worms (D:2)
  2 dart slugs (D:2)
  5 orcs
  3 ball pythons
  3 endoplasms
  4 giant cockroaches
  5 hobgoblins
  3 jackals (D:1)
  A quokka (D:2)
  7 bats
  3 frilled lizards
  6 goblins
  2 kobolds (D:1)
  5 rats
59 creatures vanquished.

Notes
Turn   | Place    | Note
-------+----------+-------------------------------------------
     0 | D:1      | lmSkywalker the Minotaur Fighter began the quest for the
                  | Orb.
     0 | D:1      | Reached XP level 1. HP: 19/19 MP: 0/0
   349 | D:1      | Reached skill level 3 in Axes
   349 | D:1      | Reached XP level 2. HP: 26/26 MP: 1/1
  1027 | D:1      | Reached skill level 4 in Axes
  1027 | D:1      | Reached XP level 3. HP: 30/31 MP: 2/2
  1380 | D:2      | Got the Almanac of Attacks
  1439 | D:2      | Found a faded altar of an unknown god.
  1673 | D:2      | Reached skill level 5 in Axes
  1673 | D:2      | Reached XP level 4. HP: 35/39 MP: 3/3
  2392 | D:3      | Found a shimmering blue altar of Sif Muna.
  2442 | D:3      | Reached skill level 6 in Axes
  2559 | D:3      | Reached XP level 5. HP: 37/45 MP: 4/4
  2840 | D:4      | HP: 2/45 [orc priest/divine providence (12)]
  2846 | D:4      | Killed from afar by an orc priest

Illustrated notes

Levels and vault maps discovered:
D:1:      mushboom_english_gardens, layout_basic, chequers_avenue
D:2:      layout_basic, hellmonk_ecumenical_altar_lost_god, st_stairs_7
D:3:      layout_rooms, mainiacjoe_overflow_paths
D:4:      layout_basic, uniq_blork_the_orc, uniq_menkaure

Skill      XL: |  1  2  3  4 |
---------------+-------------+-----
Shields        | 4 |  4.0
Axes           | 3 4 5 6 |  6.2
Fighting       | |  3.6
Armour         | |  3.6

Action                   |  1- 3 |  4- 6 || total
-------------------------+-------+-------++-------
Melee: War axe           |    82 |    59 ||   141
       Headbutt          |     9 |    10 ||    19
  Use: Potion            |       |     4 ||     4
Armor: Scale mail        |    38 |    29 ||    67
Dodge: Dodged            |    45 |    30 ||    75
Block: Buckler           |    23 |    12 ||    35

Table legend: (Time is in decaauts)
 A = Elapsed time spent in this place.
 B = Non-inter-level travel time spent in this place.
 C = Inter-level travel time spent in this place.
 D = Time resting spent in this place.
 E = Time spent auto-exploring this place.
 F = Levels seen in this place.
 G = Mean time per level.
                   A        B        C        D        E       F      G
               +--------+--------+--------+--------+--------+-----+--------+
         Total |   2884 |   2806 |     78 |    148 |   2102 |   4 |  721.0 |
       Dungeon |   2884 |   2806 |     78 |    148 |   2102 |   4 |  721.0 |
               +--------+--------+--------+--------+--------+-----+--------+

Top non-repeatable levels by time:
     D:1: 1132 daAuts
     D:2: 1046 daAuts
     D:3: 678 daAuts
     D:4: 26 daAuts
